[Event "44th Chess Olympiad Open 2022"]
[Site "Chennai"]
[Date "2022.08.01"]
[Round "4.1"]
[White "Narayanan.S.L"]
[Black "Lagarde, Maxime"]
[Result "1/2-1/2"]
[WhiteElo "2659"]
[BlackElo "2631"]
[Annotator "TA"]
[PlyCount "101"]
[EventDate "2022.??.??"]
[TimeControl "60"]

1.
d4 f5 2. Bg5 g6 3. Nc3 Bg7 4. f3 Nc6 5. d5 Ne5 6. e4 {[%emt 0:00:
00] A80: Dutch Defence: Unusual White second moves.} fxe4 7.
fxe4 Nh6 8. Nf3
{[%emt 0:03:11] Hoping for Nxe5. The position is equal.} Nhf7 {[%emt 0:00:55] 
[#] ...Nxf3+ is the strong threat.} 9. Bf4 $146 ({Predecessor:
} 9. Be3 O-O 10. Be2 e6 11. O-O d6 12. Nd4 exd5 13. exd5 Qe7 14. Qd2 c5 15.
dxc6 bxc6 {0-1 (40) Csiszar,C (2429)-Kovachev,D (2208) Ohrid 2009}) 9... O-O 10. Qd2 c6 11.
O-O-O Qa5 12. Kb1 Nxf3 13. gxf3 Ne5 14. h4 ({Better is} 14. Bxe5 $11 Bxe5 15. Bg2) 14... Nxf3 $15 15. Qe3 Bxc3 (15... Qb6 $5 16.
Qxf3 Be5 $15) 16. bxc3 Qb6+ 17. Qxb6 axb6 18. Bh6 Rf6 19. d6 $1 exd6 (19... Rxd6 $2 20. Bc4+
Kh8 21. Rxd6 exd6 22. Rf1 Nd2+ 23. Bxd2 $18) 20. Bc4+ d5 $1 21. exd5 {[%emt 0:00:56] aiming for d6+.} b5 22. Be2 {[%emt 0:12:46] Strongly threatening Rdf1.} ({But not} 22. dxc6+ bxc4
23. cxd7 Bxd7 $1 24. Rxd7 Rb6+ 25. Ka1 Rba6 $17) 22... Ne5 $1 23. Rhe1 d6 24. Bg5 {[%emt 0:00:00] A strong
pair of Bishops.} Rf2 25. dxc6 bxc6 26. Rxd6 Bf5 27. Rd2 Nf3 28. Bxf3 Rxf3 29. Kb2 Bh3 30. Rd6 Rf2 31. Rxc6 Bf5 32. Rc1 Bd3 33. Be3 Re2 34. Bd4 Bc4 {[%emt 0:01:33] [#]} (34... Rf8 $11 {should
be considered.}) 35. a3 $1 $16 Re4 36. Rc7 {
[%emt 0:01:18] And now Rg7+ would win.} Rxh4 37. Re1 {[%emt 0:
00:28] Threatens to win with Ree7.} Bf7 $1 38. Rf1 {[%emt 0:
00:21] Prevents Rf4.} Rf8 39. Be5 {[%emt 0:04:27] Black must
now prevent Bd6.} Rc4 {[%emt 0:00:16] [#]} (39... Rh5 $14 40. Bd4 Rf5 41. Rxf5
gxf5) 40. Rb7 (40. Rd7 $1 $18) 40... Rc6 {[%emt 0:00:47]
Prevents Bd6.} 41. c4 Rxc4 42. Bd6 Rd8 43. Rfxf7 Rxd6 $11 {[%emt 0:00:
07] Endgame KRR-KRR} 44. Rg7+ Kh8 45. Rxh7+ Kg8 46. Rbg7+ Kf8 47. Ra7 Kg8 {[%emt 0:00:08] Prevents Rh8+.
} 48. Rhb7 {[%emt 0:03:01] Ra8+ would kill now.} Rdc6 49. Ra8+ Rc8 50. Rxc8+ Rxc8 51. Rxb5 {[%emt 0:03:07] Weighted Error Value: White=0.10 (very
precise) /Black=0.10 (very precise)} 1/2-1/2

[Event "44th Chess Olympiad Open 2022"]
[Site "Chennai"]
[Date "2022.08.01"]
[Round "4.1"]
[White "Cornette, Matthieu"]
[Black "Erigaisi Arjun"]
[Result "1/2-1/2"]
[WhiteElo "2551"]
[BlackElo "2689"]
[Annotator "TA"]
[PlyCount "48"]
[EventDate "2022.??.??"]
[TimeControl "60"]

1. e4 c5 2. Nf3 d6 3. Bb5+ Nd7 4. d4 cxd4 5. Nxd4 Ngf6 {[%emt 0:00:07] The position is equal.}
6. O-O {[%emt 0:00:27] B51: Sicilian: Moscow Variation (3 Bb5+) without 3...
Bd7.} e5 7. Nf5 a6 8. Bd3 Nc5 9. Nc3 d5 10. Bg5 {[%emt 0:00:56] [#] Black must now prevent Nxd5.} dxe4 11. Bxe4 Ncxe4 12. Nxg7+ Bxg7 13. Qxd8+ Kxd8 14. Nxe4 Ke7 {[%emt 0:00:00] [#] And now ...Bf5 would
win.} 15. f4 Ke6 16. f5+ Ke7 17. Rad1 a5 {[%emt 0:00:05] ...Ra6 is the
strong threat.} (17... h6 $5 18. Bh4 a5 $14) 18. Rd5 $1 Ra6 {
[%emt 0:00:07] Threatens to win with ...Rd8.} 19. Re1 $36 {[%emt 0:01:16] [#]
Hoping for Nxf6. White has good play.} h6 $5 $146 {[%emt 0:00:15] An
interesting novelty.} ({Predecessor:} 19... Kf8 20. Rxe5 Ng4 21. Be7+ Kg8 22.
Rd5 h6 23. h3 Nf6 24. Nxf6+ Rxf6 25. Bxf6 Bxf6 {1-0 (52) Libiszewski,F (2514)
-Wachinger,N (2376) Germany 2022}) 20. Bh4 Kf8 ({Don't take} 20... Bxf5 21. Rxe5+ Be6 22. Rf1 $16) 21. Rd8+ Ke7 22. Rd5 Kf8 (22... Bxf5
23. Rxe5+ Be6 24. Rf1 $16) 23. Rd8+ Ke7 24. Rd5 Kf8 {[%emt 0:
00:30] An interesting draw. Weighted Error Value: White=0.00 (flawless) /
Black=0.00 (flawless)} ({Don't do} 24... Bxf5 25. Rxe5+ Be6 26. Rf1 $16)
1/2-1/2

[Event "44th Chess Olympiad Open 2022"]
[Site "Chennai"]
[Date "2022.08.01"]
[Round "4.2"]
[White "Caruana, Fabiano"]
[Black "Abdusattorov, Nodirbek"]
[Result "0-1"]
[WhiteElo "2783"]
[BlackElo "2688"]
[Annotator "TA"]
[PlyCount "122"]
[EventDate "2022.??.??"]
[TimeControl "60"]

1. d4 d5 2.
Bf4 Nf6 3. e3 c5 4. Nf3 Nc6 5. Nbd2 cxd4 6. exd4 {[%emt 0:00:07] D02:1 d4 d5 2 Nf3 sidelines,
including 2...Nf6 3 g3 and 2...Nf6 3 Bf4.} Bf5 7. Bb5 Qb6 8. c4 {[%emt 0:01:18] The position is
equal.} dxc4 9. a4 Bd3 10.
Ne5 e6 $1 (10... Qxd4 $2 11. Nxc6 bxc6 12.
Bxc6+ Nd7 13. Be3 Qxb2 14. Bxa8 $18) 11. Qf3 (11. Ndxc4 {
is superior.} Bb4+ 12. Bd2 Bxd2+ 13. Qxd2 Bxc4 14. Nxc4) 11... Rc8 $11 {
[%emt 0:08:21] [#]} 12. Nxd3 $146 ({Predecessor:} 12. d5 exd5
13. Nxd3 cxd3 14. O-O Be7 15. Rae1 Qd8 16. Bxd3 O-O 17. Qh3 Bb4 18. Bf5 {
½-½ (45) Gukesh,D (2599)-Del Prado Rodriguez,X (2279) Carballo 2021}) 12...
cxd3 13. Qxd3 a6 14. Nc4 Bb4+ 15. Bd2 Bxd2+ 16. Qxd2 Qc7 (16... Qd8 $5 17. Bxc6+ Rxc6 $15) 17. Bxc6+ Qxc6 18. Ne3 (18. O-O $1 $11 {should be considered.}) 18... O-O $17 19. O-O Ne4 (19... Qb6 $15)
20. Qb4 Rfd8 21. a5 Nd6 22. Rfd1 Nb5 23. d5 exd5 24. Nf5 {[%emt 0:00:02] Against d4.
Strongly threatening Ne7+.} Qc5 25. Qh4 (25.
Qf4 $1 $11 Qc7 26. Qg4) 25... f6 $1 $15 26. Qg4 g6 (26... Rc7 $1 $17 27. Nd4 Re8
28. Nxb5 Qxb5) 27. Nd4 Nxd4 28. Rxd4 Kf7 29. h4 (29. Re1 Re8 30.
Rf1 Qb5 $17) 29... Qb5 30. Re1 Re8 {[%emt 0:
00:00] Inhibits Qe6+.} (30... Qd7 $5 ) 31. Red1 Rc4 32. Rxc4 dxc4 $11 {[%emt 0:00:05]
Endgame KQR-KQR} 33. h5 (33. Qd4 $11) 33... gxh5 34. Qf4 Kg6 35. Qc7 (
35. Qg3+ $11 Kf7 36. Qf4) 35... Re4 (35... h4 $17 36. Rd4 Re1+
37. Kh2 Qe5+ 38. Qxe5 Rxe5 39. Rg4+ Rg5) 36. Qc8 Re8 ({Better is} 36... Re7 $15) 37. Qc7 $17 Re4 (37... h4 $1 $17 38. Rd4 Re1+ 39. Kh2 Qe5+ 40. Qxe5 Rxe5 41. Rxc4 Rxa5)
38. Qc8 $1 $15 Qb4 39. Kh2 (
39. Qg8+ $11 {keeps the balance.} Kh6 40. Qh8 (40. Rd7 {gets mated.} Qe1+ 41.
Kh2 Rh4+ 42. Kg3 Qe5+ 43. Kf3 Qe4+ 44. Kg3 Qf4#)) 39... Qe7 $1 $17 ({Reject} 39... Qxa5 $6 40. Qg8+ Kh6 41. Qf8+ Kg6 42. Qg8+ Kh6 43. Qf8+
Kg6 44. Qg8+ $11) 40. g3 {[%emt 0:02:58] [#]} (40. Rd5 $2 Qe6 41. Qxe6 Rxe6 $19
) ({White should try} 40. Kg1) 40... h4 (40... Qe6 $142 $1 41. Qxb7 h4) 41. Qg8+ Kh6 42.
Kg2 f5 ({Black should play} 42... Qe8 $17 43.
Qxe8 Rxe8) 43. Qc8 $11 hxg3 44. Qxf5 $2 {
[%emt 0:12:34] Black converts the advantage convincingly.} (44. Rd7 $1 $11 Qe8
45. Qxb7 gxf2 46. Rxh7+ Kg5 47. Qg7+ Qg6 48. Kxf2) 44... Rh4 $19 45. Kxg3 Rh5 $36 {[%emt 0:00:07] ( -> ...Qh4+). Black is
really pushing.} 46. Qf4+ Qg5+ 47. Qg4 {
[%emt 0:01:32] [#]} Qxg4+ $1 48. Kxg4 $17 {[%emt 0:00:03]
Intending Rd6+ and mate. KR-KR} Rg5+ ({Weaker is} 48... Rxa5
49. Rd6+ Kg7 50. Rd7+ Kf6 51. Rxb7 $17) 49. Kf4 (49. Kh4 $17)
49... Rxa5 $19 50. Rd6+ Kh5 51. Rd7 Rb5 52. Rxh7+ Kg6 53. Rc7 Rxb2 54. Ke5 $2 (54. Rxc4 Rxf2+ 55. Ke4) 54... b5 {[%emt 0:01:54] Black is
clearly winning.} 55. Rc6+ Kh5 56. f4 a5 {[%emt 0:00:17][%cal Ya6a5,Ya5a4,Ya4a3] And now ...a4 would
win.} 57. f5 a4 58. Rc8 a3 {
[%emt 0:01:26] aiming for ...a2.} 59. Rh8+ Kg5 {[%emt 0:00:25]
Hoping for ...a2.} 60. Rg8+ Kh6 {[%emt 0:00:22] White must
now prevent ...a2.} 61. f6 Rf2 {[%emt 0:01:02] Weighted Error
Value: White=0.49/Black=0.14 (very precise)} 0-1

[Event "44th Chess Olympiad Open 2022"]
[Site "Chennai"]
[Date "2022.08.01"]
[Round "4.2"]
[White "So, Wesley"]
[Black "Sindarov, Javokhir"]
[Result "1-0"]
[WhiteElo "2773"]
[BlackElo "2629"]
[Annotator "TA"]
[PlyCount "55"]
[EventDate "2022.??.??"]
[TimeControl "60"]

1. d4 Nf6 2. c4 g6 3. h4 c5 4. d5 b5 5. cxb5 a6 6. e3 {[%emt 0:00:09] E60: King's Indian: Unusual lines and
Fianchetto Variation without Nc3.} axb5 7. Bxb5 Qa5+ 8. Nc3 {[%emt 0:00:07] White is slightly better.}
Ba6 {[%emt 0:00:02] [#]} 9. Bxa6 $146 ({Predecessor:} 9. Be2
Ne4 10. Bd2 Nxd2 11. Qxd2 Bg7 12. h5 O-O 13. Nf3 Bxe2 14. Kxe2 d6 15. hxg6 hxg6
{0-1 (34) Adhiban,B (2659)-Bernadskiy,V (2629) Chess.com INT 2020}) 9... Qxa6 10. Nge2 Bg7 11. O-O O-O 12. a4 Qc4 13. g3 e6 (13... d6 $11) 14. b3 $16 Qg4 15. Ba3 Na6 16. Rc1 exd5 (16... e5 $16) 17. Nf4 $18 Rfb8 18. Nb5 (18. Nfxd5 $6
Qxd1 19. Rfxd1 Rxb3 $16) (18. Ncxd5 Qxd1 19. Rfxd1 Nxd5 20. Rxd5 d6 $16) 18...
Qxd1 19. Rfxd1 d6 20. Bb2 (20. Nxd6 $6 Rxb3 21. Bxc5 Nxc5 $16) (20. Nxd5 Nxd5 21. Rxd5
Bf8) 20... Rb7 21. Bxf6 (21. Nxd5 $6 Nxd5 22.
Bxg7 Nxe3 $16) (21. Nxd6 Rxb3 22. Bxf6 Bxf6 $18) 21... Bxf6 22. Nxd5 (22. Nxd6 $6 Rxb3 23. Nxd5 Bd8 $18) 22... Bg7 23. Rd3 ({But not} 23. Nxd6 $6 Rxb3 24. a5 Ra3
$18) 23... Rab8 24. g4 ({Don't take} 24. Nxd6
$6 Rxb3 25. Rdd1 Ra3 26. Ne7+ Kf8 $18) 24... c4 25. Rxc4 Nc5 26. Rd1 ({Stronger than} 
26. Nxd6 Nxd3 27. Nxb7 Rxb7 $11) 26... Nxb3 27. Nxd6 {[%emt 0:
00:00] Pair of Knights!} Ra7 {[%emt 0:00:14] [#]} (27... Rd7 28. Ne4 Kh8) 28.
Nc8 {[%emt 0:00:27] Weighted Error Value: White=0.05 (flawless) /Black=0.20 
(precise)} 1-0

[Event "44th Chess Olympiad Open 2022"]
[Site "Chennai"]
[Date "2022.08.01"]
[Round "4.2"]
[White "Yakubboev, Nodirbek"]
[Black "Aronian, Levon"]
[Result "1/2-1/2"]
[WhiteElo "2620"]
[BlackElo "2775"]
[Annotator "TA"]
[PlyCount "71"]
[EventDate "2022.??.??"]
[TimeControl "60"]

1. e4 e5 2. Nf3 Nc6 3. Bc4 Nf6 4. d3 Be7 5. O-O O-O 6. a4 d5 7. exd5 Nxd5 8. Re1 $1 {
[%emt 0:03:51] The main line 8.Re1 scores better than 8.h3. C55: Two Knights:
4 d3, 4 d4 exd4 5 e5 and Max Lange Attack.} Bg4 {[%emt 0:00:53] The position
is equal.} 9. h3 Bxf3 10. Qxf3 Nb6 11. Nd2 Nxc4 12.
Nxc4 f6 13. c3 a5 14. Qg3 {[%emt 0:15:41] [#]} Qd7 $146 ({Predecessor:} 
14... Kh8 15. f4 Bc5+ 16. Kh2 Qd7 17. Be3 Bxe3 18. Rxe3 exf4 19. Qxf4 Rae8 20.
Rae1 Rxe3 21. Qxe3 {½-½ (65) Inkiov,V (2467)-Migot,T (2381) Avoine 2016}) 15.
Bh6 {[%emt 0:05:27][%csl Gh6][%cal Rg3g7] [#]} Rf7 16. Rad1 Bf8 17. Be3 Re8 18. f4 b6 19. b3 Rfe7 20. fxe5 Nxe5 21. Nxe5 Rxe5 22. Bf4 Rxe1+ 23. Rxe1 Rxe1+ 24. Qxe1 $11 {[%emt 0:
00:00] Endgame KQB-KQB} Kf7 25. Qe4 Bd6 26. Bxd6 Qxd6 {[%emt 0:00:03] KQ-KQ} 27. b4 {
[%emt 0:00:56] Prevents Qc5+.} Qe6 28. Qxe6+ Kxe6 29. bxa5 bxa5 {[%emt 0:00:04] KP-KP} 30.
Kf2 g5 31. Ke3 f5 32. g3 Kd5 33. Kf3 Ke5 34. Ke3 Kd5 35. Kf3 Ke5 36. Ke3 {[%emt 0:00:05] A balanced but
interesting game. Weighted Error Value: White=0.02 (flawless) /Black=0.01 
(flawless)} 1/2-1/2

[Event "44th Chess Olympiad Open 2022"]
[Site "Chennai"]
[Date "2022.08.01"]
[Round "4.2"]
[White "Vakhidov, Jakhongir"]
[Black "Shankland, Sam"]
[Result "1/2-1/2"]
[WhiteElo "2564"]
[BlackElo "2720"]
[Annotator "TA"]
[PlyCount "119"]
[EventDate "2022.??.??"]
[TimeControl "60"]

1. d4 d5 2. c4 e6 3. Nc3 Nf6 4. cxd5 exd5 5. Bg5 Bb4 6. Qb3 {[%emt 0:00:35] D35:
Queen's Gambit Declined: Exchange Variation.} c5 7. dxc5 Nc6 8. O-O-O {[%emt 0:04:29][%cal Rc3d5] [#]
White has an edge.} Qa5 $146 ({Predecessor:} 8... Be6 9. e4 d4
10. Bc4 Qe7 11. Bxe6 fxe6 12. Na4 b5 13. cxb6 axb6 14. e5 Nxe5 15. Bxf6 gxf6
16. Rxd4 {1-0 (25) Yankelevich,L (2496)-Jahncke,G (2299) Bastia 2022}) 9. Bxf6 (9. Nxd5 Qxc5+ 10. Qc2 Qxc2+ 11. Kxc2 Nxd5 12. Rxd5 f6 $17)
9... gxf6 10. e3 {[%emt 0:01:42] Against d4} (10. Qxd5 $2 Bxc3
11. Qd3 (11. bxc3 $2 Qa3+ 12. Kd2 Be6 $19) 11... Nb4 12. Qd8+ Qxd8 $19) (10.
Rxd5 Be6 11. e4 Bxc3 12. Qxc3 (12. bxc3 O-O $17) 12... Qxa2 $17) 10... Be6 11. Kb1 (11. a3 $5 Bxc5 12. Qb5
$11 (12. Qxb7 O-O $11) (12. Nxd5 O-O-O $15)) 11... O-O-O 12.
Nxd5 Bxc5 {[%emt 0:10:47] This bishop pair is nice.} 13. Nf3 {
[%emt 0:11:58] Bc4 is the strong threat.} Bxe3 14. fxe3 Bxd5 15. Bc4 Bxc4 16. Qxc4 Qf5+ 17. Ka1 Qe6 18. Qf4 Rhg8 19. Nd4 Nxd4 20. exd4 Qd6 21. Qf5+ Kb8 22. g3 h6 23. Rhf1 Rg6 24. a3 Qd5 25. Qf4+ Qd6 26. Rde1 (26. Ka2 {keeps more tension.} h5 27. Rd3 a5 28.
d5) 26... Qxf4 27. Rxf4 $16 {[%emt 0:00:01] Endgame KRR-KRR}
Kc7 28. Kb1 Kd6 29. Kc2 h5 30. Kd3 Rh8 31. Ree4 a6 32. Rf5 (
32. b4 $142) 32... Rhh6 33. Ref4 {[%emt 0:00:00] White is
much more active.} Ke6 34. Kc4 b6 (34... h4 $16) 35. Rd5 $1 $18 Rg4 36. Rf2 {[%emt 0:00:52] Threatening mate with Re2+.} Re4 {
[%emt 0:02:11] [#] Against Re2} 37. Rd8 $1 {[%emt 0:00:03] Threatens to win
with Re8+.} Ke7 {[%emt 0:00:06] Prevents Re8+.} 38. Rb8 b5+ 39. Kd5 Re6 40. Rc2 f5 41. Rc7+ Kf6 42. Rf8 Rh7 (42... Re7 $16 {keeps
fighting.} 43. Rxe7 Kxe7) 43. Rc6 Rxc6 (43...
Ke7 $142 44. Rxf7+ Kxf7 45. Rxe6 h4 46. Rxa6 hxg3 47. hxg3 Rh2) 44. Kxc6 {
[%emt 0:00:00] Hoping for d5. KR-KR} h4 (44... Rh6 $142 45.
Ra8 Ke7+ 46. Kc5 h4 47. Ra7+ Kf8) 45. d5 hxg3 46. hxg3 {[%emt 0:00:00] And now d6 would win.}
Rh2 47. d6 {[%emt 0:00:00] Black must now prevent d7.} Rc2+ 48. Kd7 Rxb2 49. Kd8 {
[%emt 0:02:18] aiming for d7.} a5 50. d7 Rc2 51. Rh8 b4 52. a4 $2 ({Inferior is} 52. Rh6+ Kg7 53. axb4 (53. Rh1 b3 $11) 53...
Kxh6 $11) (52. axb4 $18 Kg7 {[#]} 53. b5 $1 (53. Ke7 Re2+ 54. Kd8 Kxh8 $11)
53... Kxh8 54. b6) 52... b3 $11 {[%emt 0:00:00] The position is equal.} 53.
Rh6+ Kg7 54. Rb6 b2 55. Rb5 Kg6 56. Ke7 Re2+ 57. Kd6 Rd2+ 58. Kc6 Rc2+ 59. Kb7 (59.
Kb6 Rd2) 59... Rd2 60. Kc7 {[%emt 0:01:26] White really could
win this. Weighted Error Value: White=0.14 (very precise) /Black=0.16 (very
precise)} 1/2-1/2

[Event "44th Chess Olympiad Open 2022"]
[Site "Chennai"]
[Date "2022.08.01"]
[Round "4.3"]
[White "Vallejo Pons, Francisco"]
[Black "Sethuraman, S.P..."]
[Result "1/2-1/2"]
[WhiteElo "2702"]
[BlackElo "2623"]
[Annotator "TA"]
[PlyCount "61"]
[EventDate "2022.??.??"]
[TimeControl "60"]

1.
e4 e5 2. Nf3 Nf6 3. Nxe5 d6 4. Nf3 Nxe4 5. c4 Nc6 6. d3 {
[%emt 0:00:16][%cal Yd2d3,Yd3d4,Yd4d5] C42: Petroff Defence: 3 Nxe5 and
unusual White 3rd moves.} Nf6 7. d4 Be7 8. d5 Ne5 9. Nd4 {[%emt 0:00:
00] [#]} Bg4 $146 ({Predecessor:} 9... O-O 10. Nc3 Bg4 11. f3
Bd7 12. Be2 c6 13. O-O cxd5 14. cxd5 Qb6 15. Kh1 Rac8 {0-1 (35) Firouzja,A 
(2793)-Nepomniachtchi,I (2766) Madrid 2022}) 10. Be2 Bxe2 11. Qxe2 O-O 12. Nc3 Re8 13. O-O Bf8 14. h3 c6 {[%emt 0:10:54] The position is equal.} 15.
dxc6 bxc6 16. Be3 d5 17. cxd5 Nxd5 18. Nxd5 Qxd5 19. Rfd1 a5 20. b3 a4 21. Nf3 Nxf3+ 22. Qxf3 Qxf3 23. gxf3 axb3 24. axb3 Rxa1 25. Rxa1 $11 {[%emt 0:00:02] Endgame KRB-KRB} Rb8 26. Rc1 Rxb3 27.
Rxc6 f6 28. Kg2 Kf7 29. Ra6 Rb7 30. Ra4 g5 31. f4 {[%emt 0:00:13] A balanced but interesting
game. Weighted Error Value: White=0.03 (flawless) / Black=0.02 (flawless)}
1/2-1/2

[Event "44th Chess Olympiad Open 2022"]
[Site "Chennai"]
[Date "2022.08.01"]
[Round "4.3"]
[White "Santos Latasa, Jaime"]
[Black "Karthikeyan, Murali"]
[Result "1/2-1/2"]
[WhiteElo "2675"]
[BlackElo "2613"]
[Annotator "TA"]
[PlyCount "103"]
[EventDate "2022.??.??"]
[TimeControl "60"]

1. e4 c5 2. Nf3 Nc6 3. Bb5 g6 4. Bxc6 dxc6 5.
d3 Bg7 6. h3 b6 {[%emt 0:00:
00] B31: Sicilian: 2...Nc6 3 Bb5 g6.} 7. O-O e5 8. a3 a5 9. Be3 Ne7 10. Nbd2 $1 Qc7 11. Nc4 Be6 12. b4 Bxc4 13. dxc4 {[%emt 0:00:13] [#]} axb4 $146 ({Predecessor:} 13... cxb4 14. axb4 O-O 15. c5 bxc5 16. bxa5 Rxa5 17. Rxa5
Qxa5 18. Qd7 Qd8 19. Rd1 Qxd7 20. Rxd7 {1-0 (63) Stojanovic,D (2501)-Stankovic,
I (2222) Belgrade 2015}) 14. axb4 {[%emt 0:00:05] [#] Discovered Attack} Rxa1 15. Qxa1 cxb4 16. c5 bxc5 17. Qa8+ Qd8 18. Qa7 O-O 19. Bxc5 Re8 20. Rb1 Nc8 21. Qb7 Bf8 22. Bxf8 {[%emt 0:05:32] White is more
active.} Kxf8 23. Qxc6 Qd6 24. Qc4 Nb6 25. Qxb4 Qxb4 26. Rxb4 $16 {[%emt 0:00:06] Endgame KRN-KRN} Nd7 27. Rc4 Ke7 28. Kf1 Ra8 29. Ke2 Kd6 30. Rc3 Ra4 31. Nd2 f5 (31... Nb6 $142) 32. exf5 gxf5 33. Rc8 f4 34. g4 e4 35. f3 exf3+ 36. Nxf3 (36.
Kf2 $16) 36... Re4+ 37. Kd2 Nb6 38. Rd8+ Kc5 39. Rd3 (
39. Rf8 $5 ) 39... Nc4+ 40. Kc3 Nb6 41. Ng5 Re7 42. h4 Nc4 43. Rd8 {[%emt 0:00:00] [#] Black must
now prevent Rc8+.} Nd6 {[%emt 0:00:00] Against Rc8+. The position is equal.}
44. Kb2 Re3 45. Nxh7 f3 46. Rf8 Nc4+ 47. Ka2 Ra3+ 48. Kb1 Nd2+ 49. Kb2 Nc4+ 50. Kb1 Nd2+ 51. Kb2 Nc4+ 52. Kb1 {
[%emt 0:00:06] Weighted Error Value: White=0.07 (flawless) /Black=0.08 
(flawless)} 1/2-1/2

[Event "44th Chess Olympiad Open 2022"]
[Site "Chennai"]
[Date "2022.08.01"]
[Round "4.3"]
[White "Gupta, Abhijeet"]
[Black "Anton Guijarro, David"]
[Result "0-1"]
[WhiteElo "2627"]
[BlackElo "2667"]
[Annotator "TA"]
[PlyCount "82"]
[EventDate "2022.??.??"]
[TimeControl "60"]

1. d4 Nf6 2. c4 e6 3. Nf3 d5 4. g3 Bb4+ 5. Nbd2 O-O 6.
Bg2 dxc4 7. Qc2 c5 {[%emt 0:
00:32] E04: Open Catalan: 5 Nf3.} 8. dxc5 Nc6 9. O-O e5 {[%emt 0:00:31][%cal Ye6e5,Ye5e4] The position is
equal.} 10. Nxc4 {[%emt 0:03:45] aiming for Be3.} e4 $1 {[%emt 0:01:18] [#]}
11. Nfe5 $146 ({Predecessor:} 11. Rd1 Qe7 12. Ng5 Bxc5 13. Be3
Bf5 14. Bxc5 Qxc5 15. Ne3 Qxc2 16. Nxc2 Rad8 17. Ne3 {1-0 (82) Saduakassova,D 
(2483)-Kashlinskaya,A (2488) Krasnaya Polyana 2021}) 11... Nxe5 12. Nxe5 {[%emt 0:00:04] Black must now prevent a3.} Qe7 13. Nc4 {[%emt 0:01:48] Hoping for Nd6.} Bxc5 14. Bg5 Bf5 15. b4 Bxb4 16. Ne3 Bg6 17. Rab1 {
[%emt 0:04:12] White has compensation.} a5 18. Qb2 Rfd8 {[%emt 0:03:39] Prevents Nd5.} 19. Rfd1 h6 20. Bh4 Qe6 {[%emt 0:00:25]
Inhibits Ng4.} 21. a3 {[%emt 0:01:00] Strongly threatening Rxd8+.} Bc5 22. Qxb7 Bxe3 (22... a4 {
keeps more tension.} 23. Rxd8+ Rxd8 24. Rc1 Bxe3 25. fxe3 Rd2) 23. fxe3 Rxd1+ 24. Rxd1 Re8 25. Bxf6 Qxf6 26. Qb5 (26. Qd7 {is interesting.} Rb8 27. Qc7 Rb3 28. Qxa5 Rxe3 29.
Qd8+) 26... Qe5 27. a4 Qxb5 28. axb5 $15 {[%emt 0:01:14] Endgame KRB-KRB} Rb8 $1 29. Rd5 f5 30. b6 a4 $1 (30... Rxb6 $6 31. Rxa5 Rb2 32. Bf1 $11) 31. Ra5 {[%emt 0:00:04] [#]} Be8
$1 ({But not} 31... Rxb6 $6 32. Rxa4 Bh5 33. Bh3 $15) 32. g4 (32. Rxf5 $17 Bc6 33. Ra5) 32... Rxb6 $19 ({
And not} 32... fxg4 33. Bxe4 Rxb6 34. Bd5+ Kh7 35. Be4+ Kg8 36. Bd5+ Kf8 37. e4
$17) 33. gxf5 {[%emt 0:00:18] [#]} Bc6 34. Kf2 Rb5 35. Rxb5 {[%emt 0:05:22] White does not recover from
this.} (35. Ra7 $17) 35... Bxb5 {[%emt 0:00:00] Black is clearly winning.} 36.
Bxe4 $17 {[%emt 0:00:03] KB-KB} Bc4 37. Bb1 Kf7 38. Kf3 Kf6 ({Wrong is} 
38... a3 $2 39. e4 $19) 39. Kf4 Bxe2 40. Bc2 a3 {[%emt 0:00:00] ( -> ...a2)} 41. Bb3 Bd3 {
[%emt 0:30:54] Weighted Error Value: White=0.51/Black=0.01 (flawless)} 0-1

[Event "44th Chess Olympiad Open 2022"]
[Site "Chennai"]
[Date "2022.08.01"]
[Round "4.3"]
[White "Ganguly, Surya Shekhar"]
[Black "Shirov, Alexei"]
[Result "1/2-1/2"]
[WhiteElo "2608"]
[BlackElo "2704"]
[Annotator "TA"]
[PlyCount "73"]
[EventDate "2022.??.??"]
[TimeControl "60"]

1. e4 e5 2. Nf3 Nc6 3. d4 exd4 4. Nxd4 Nf6 5. Nc3 Bb4 6. Nxc6 bxc6 7. Bd3 d5 8. Bd2 O-O 9. O-O Bxc3 {[%emt 0:01:17] C47: Scotch Four Knights and Four Knights
with 4 g3.} 10. Bxc3 dxe4 $1 {[%emt 0:00:01] is recently more
successful than 10...Nxe4.} (10... Nxe4 {with more complications.} 11. Bxe4
dxe4 12. Qe2 Qe7) 11. Bxf6 {[%emt 0:00:17] [#] Remove Defender} Qxf6 12. Bxe4 Qxb2 13. Bxc6 Rb8 14. Rb1 Qxb1 15.
Qxb1 Rxb1 16. Rxb1 $11 {[%emt 0:00:03]
Endgame KRB-KRB} Rd8 17. Bf3 Bf5 18. Rb7 Bxc2 ({Better is} 
18... g6 $11) 19. Rxc7 $14 Be4 {[%emt 0:00:09] [#]} 20. Rxa7
$146 (20. Be2 $1 $14) ({Predecessor:} 20. Be2 g5 21. h3 a5 22.
Ra7 Ra8 23. Re7 Bd5 24. Bf3 Bxf3 25. gxf3 f6 26. Kg2 {½-½ (37) Andreikin,D 
(2724)-Rapport,R (2762) Belgrade 2022}) 20... Bxf3 $11 {[%emt 0:00:08] The
position is equal.} 21. gxf3 $14 {[%emt 0:00:05] KR-KR} g6 22.
a4 Rd3 23. Kg2 Ra3 24. Kg3 Kg7 25. Ra6 h5 26. h4 Ra1 27. Kg2 Ra2 28. f4 Ra3 29. f3 Ra2+ 30. Kg3 f5 $1 31. a5 Kf7 32. Ra7+ Kg8 33. a6 Kf8 34. Kh3 Kg8 35. Kg3 Kf8 36. Kh3 Kg8 37. Kg3 {[%emt 0:00:03] Weighted Error Value: White=0.07 
(flawless) /Black=0.05 (flawless)} 1/2-1/2